AoeStats
← ssjpipe1

Arabia

508960280Analyzed
1v1 RM · 7d ago on Sep 24, 2026· 35m 46s· 2 players
Game mode
Random Map
Map size
Tiny (2 player)
Population
200
Speed
Normal
Resources
Standard
Victory
Conquest
Starting age
Dark Age
Ending age
Imperial Age
RankedLock teamsTeams togetherTeam positionsShared explorationLock speedFull tech treeHidden civsTurbo modeCheats
Victory
Defeat
🇨🇱 Lithuanians · Chile
805
+16
🇹🇷 Inca · Türkiye
803
-16
KeyserSöze
5:23 Loom
11:51 Feudal Age
12:34 Champi Runner
20:35 Scale Mail Armor
31:25 Horse Collar
35:25 Castle Age
ssjpipe1
10:04 Feudal Age
10:14 Loom
12:16 Double-Bit Axe
20:01 Man-at-Arms
22:48 Scale Mail Armor
24:49 Forging
30:21 Gold Mining
32:52 Castle Age
30:37 Horse Collar
32:50 Bloodlines
32:48 Scale Barding Armor
33:10 Long Swordsman
Connection lost

Rejoining the realm…

Still unreachable

The connection could not be restored.

Session expired

The server has moved on; the page needs a fresh start.